 Dungeon Crawl Stone Soup version 0.30-a0-760-g5a9884bb7c (webtiles) character file.

Game seed: 593489954036892778

30 sircluck the Gusty (level 3, 0/19 HPs)
             Began as a Deep Elf Air Elementalist on Feb 10, 2023.
             Succumbed to an adder's poison
             ... on level 2 of the Dungeon.
             The game lasted 00:03:40 (1621 turns).

sircluck the Gusty (Deep Elf Air Elementalist)      Turns: 1621, Time: 00:03:41

Health: 0/19       AC:  4    Str:  5    XL:     3   Next: 5%
Magic:  7/9        EV: 13    Int: 21    God:
Gold:   63         SH:  0    Dex: 15    Spells: 7/8 levels left

rFire   . . .      SeeInvis .    (no weapon)
rCold   . . .      Faith    .    (no shield)
rNeg    + . .      Spirit   .    a - +0 robe
rPois   .          Reflect  .    (no helmet)
rElec   .          Harm     .    j - +0 cloak
rCorr   .          Rampage  .    k - +0 pair of gloves
Will    .....                    (no boots)
Stlth   ++                       (no amulet)
HPRegen 0.23/turn                m - ring of positive energy
MPRegen 0.11/turn                (no ring)

@: lethally poisoned (0 -> -3)
A: no striking features
a: no special abilities


You were on level 2 of the Dungeon.
You visited 1 branch of the dungeon, and saw 2 of its levels.

You collected 63 gold pieces.

Inventory:

Missiles
 g - 5 silver javelins (quivered)
 n - 17 stones
Armour
 a - a +0 robe (worn)
 j - a +0 cloak (worn)
 k - a +0 pair of gloves (worn)
Magical Staves
 l - a staff of earth
Jewellery
 m - a ring of positive energy (left hand)
Scrolls
 e - 2 scrolls of enchant weapon {unknown}
 f - a scroll of teleportation {unknown}
 i - a scroll of blinking {unknown}
Potions
 b - a potion of magic
 c - a potion of curing {unknown}
 d - a potion of ambrosia {unknown}
 h - a potion of berserk rage {unknown}


   Skills:
 + Level 0.2 Throwing
 + Level 2.9 Dodging
 + Level 2.5 Stealth
 + Level 3.3 Spellcasting
 + Level 1.4 Conjurations
 + Level 3.6 Air Magic


You had 7 spell levels left.
You knew the following spells:

 Your Spells              Type           Power      Damage    Failure   Level
a - Shock                 Conj/Air       56%        1d6       4%          1

Your spell library contained the following spells:

 Spells                   Type           Power      Damage    Failure   Level
 Static Discharge         Conj/Air       28%        2-4/arc   7%          2
 Swiftness                Air            18%        N/A       9%          3
 Airstrike                Air            9%         2d(2-18)  28%         4


Dungeon Overview and Level Annotations

Branches:
Dungeon (2/15)

Altars:


Message History

The adder bites you.
You are poisoned.
The adder poisons you!
Casting: Shock (safe; 4% risk of failure)
Confirm with . or Enter, or press ? or * to list all spells.
You don't know that spell.
You completely miss the adder.
The adder is heavily wounded.
You feel sick. The adder bites you.
You are more poisoned.
The adder poisons you!
You hit the adder.
The adder is heavily wounded.
You feel very sick. The adder closely misses you.
You barely miss the adder.
The adder is heavily wounded.
You feel sick. The adder closely misses you. The adder bites you.
* * * LOW HITPOINT WARNING * * *
You closely miss the adder.
The adder is heavily wounded.
* * * LOW HITPOINT WARNING * * *
You feel sick. The adder bites you.
* * * LOW HITPOINT WARNING * * *
Casting: Shock (safe; 4% risk of failure)
Confirm with . or Enter, or press ? or * to list all spells.
Aiming: Shock (safe; 4% risk of failure)
Press: ? - help, Shift-Dir - straight line, f/p - adder
Aim: an adder (heavily wounded, 53% to hit)
The zap misses the adder.
* * * LOW HITPOINT WARNING * * *
You feel sick. The adder misses you.
Casting: Shock (safe; 4% risk of failure)
Confirm with . or Enter, or press ? or * to list all spells.
Aiming: Shock (safe; 4% risk of failure)
Press: ? - help, Shift-Dir - straight line, f/p - adder
Aim: an adder (heavily wounded, 53% to hit)
The zap hits the adder.
The adder is almost dead.
You die...

.. .# ##. ## #.. .# #.#
.# #.# ######## .###.#
#......# #
.#...#####......#####.#
......).........@.....#.
.#########......S.......
.# #.......####### #####
#.....).# ....#
#.......# ....#
#######.# ....# #.####
....#### #....# ........
...........#


You could see an adder.

Vanquished Creatures
  A worm (D:2)
  3 ball pythons
  2 endoplasms
  A giant cockroach (D:2)
  4 goblins
  A hobgoblin (D:1)
  5 bats
  6 frilled lizards
  3 kobolds
  2 rats (D:1)
28 creatures vanquished.

Vanquished Creatures (others)
  5 plants (D:1)
5 creatures vanquished.

Grand Total: 33 creatures vanquished

Notes
Turn   | Place    | Note
-------+----------+-------------------------------------------
     0 | D:1      | sircluck the Deep Elf Air Elementalist began the quest for
                  | the Orb.
     0 | D:1      | Reached XP level 1. HP: 10/10 MP: 6/6
   120 | D:1      | Found a faded altar of an unknown god.
   453 | D:1      | Reached XP level 2. HP: 15/15 MP: 1/8
  1456 | D:2      | Reached XP level 3. HP: 19/19 MP: 5/9
  1621 | D:2      | Succumbed to an adder's poison

Illustrated notes

Levels and vault maps discovered:
D:1:      minmay_arrival_open_corners, layout_basic,
          shapermc_ecumenical_altar_totnotflames, minmay_lizard_king
D:2:      layout_basic, uniq_robin

Action                     || total
---------------------------++-------
  Melee: Unarmed           ||    69
         Punch             ||     1
  Throw: Javelin           ||    18
   Cast: Shock             ||    43
 Armour: Robe              ||    29
  Dodge: Dodged            ||    70

Table legend: (Time is in decaauts)
 A = Elapsed time spent in this place.
 B = Non-inter-level travel time spent in this place.
 C = Inter-level travel time spent in this place.
 D = Time resting spent in this place.
 E = Time spent auto-exploring this place.
 F = Levels seen in this place.
 G = Mean time per level.
                   A        B        C        D        E       F      G
               +--------+--------+--------+--------+--------+-----+--------+
         Total |   1629 |   1483 |    146 |      0 |   1244 |   2 |  814.5 |
       Dungeon |   1629 |   1483 |    146 |      0 |   1244 |   2 |  814.5 |
               +--------+--------+--------+--------+--------+-----+--------+

Top non-repeatable levels by time:
     D:1: 1075 daAuts
     D:2: 553 daAuts
